 Dungeon Sprint DCSS version 0.26-a0-971-g1d9d62bb61 (webtiles) character file.

Game seed: 12203389184656143341

3598 sahdkjhfkaj the Arsonist (level 9, -6/100 HPs)
             Began as a Red Draconian Fire Elementalist on Dec 5, 2020.
             Was the Champion of Vehumet.
             Mangled by a deep elf knight
             ... wielding the +8 mithril axe "Arga" {speed, MR+}
              (13 damage)
             ... in the Dungeon (Sprint V: "Ziggurat Sprint").
             The game lasted 00:05:03 (558 turns).

sahdkjhfkaj the Arsonist (DrFE)                      Turns: 558, Time: 00:05:04

Health: -6/100     AC:  9    Str: 11    XL:     9   Next: 85%
Magic:  19/19      EV: 14    Int: 31    God:    Vehumet [******]
Gold:   0          SH:  7    Dex: 11    Spells: 16/22 levels left

rFire    + . .     SeeInvis .   j - +7 Singing Sword {vorpal, sonic wave}
rCold    . . .     Faith    .   C - +3 buckler
rNeg     . . .     Spirit   .   (armour unavailable)
rPois    .         Reflect  .   (helmet restricted)
rElec    .         Harm     .   (no cloak)
rCorr    .         Rampage  .   (no gloves)
MR       .....     NoTele   +   F - +1 pair of boots {Stlth+}
Stlth    +++.......             E - amulet of Vitality {Regen+ HP+15}
HPRegen  0.66/turn              v - +6 ring of intelligence
MPRegen  0.16/turn              u - +6 ring of intelligence

@: hasted, very quick
A: breathe fire, unfitting armour, fire resistance 1, cold-blooded, AC +7
a: Breathe Fire, Renounce Religion


You were in the Dungeon.
You worshipped Vehumet.
Vehumet was exalted by your worship.
You visited 1 branch

Inventory:

Hand Weapons
 j - the +7 Singing Sword (weapon) {vorpal, sonic wave}
   (You found it in the Dungeon)

   It inflicts extra damage upon your enemies.
Armour
 C - a +3 buckler (worn)
 F - a +1 pair of boots of stealth (worn)
Jewellery
 r - an uncursed ring of flight
 s - a +6 ring of dexterity
 t - a +6 ring of dexterity
 u - a +6 ring of intelligence (right hand)
 v - a +6 ring of intelligence (left hand)
 w - a +6 ring of strength
 x - a +6 ring of strength
 E - the amulet of Vitality (around neck) {Regen+ HP+15}
   (You found it in the Dungeon)

   [amulet of regeneration]

   It affects your health (+15).
   It increases your rate of regeneration.
Wands
 y - a wand of disintegration (7)
 z - a wand of iceblast (7)
 A - a wand of acid (7)
Scrolls
 g - 3 scrolls of blinking
 l - 4 scrolls of amnesia
 m - 7 scrolls of fog
 n - a scroll of holy word
 o - 5 scrolls of identify
 p - 5 scrolls of remove curse
 q - 2 scrolls of fear
Potions
 a - 2 potions of brilliance
 b - 9 potions of curing
 c - 5 potions of heal wounds
 d - 8 potions of haste
 e - 6 potions of magic
 f - 3 potions of berserk rage
 h - a potion of invisibility
 i - 3 potions of resistance
 k - 4 potions of might
Miscellaneous
 B - a lightning rod (4/4)
 D - a tin of tremorstones (2/2)
 G - a condenser vane
 H - a phial of floods
 I - a phantom mirror
 J - a box of beasts


   Skills:
 - Level 10.0 Fighting
 + Level 5.6 Dodging
 - Level 1.7 Stealth
 - Level 4.0 Shields
 - Level 7.3 Spellcasting
 - Level 11.8 Conjurations
 - Level 13.8 Fire Magic
 * Level 8.2 Evocations


You had 16 spell levels left.
You knew the following spells:

 Your Spells              Type           Power        Failure   Level
a - Foxfire               Conj/Fire      ####         0%          1
f - Fireball              Conj/Fire      ######....   1%          5

Your spell library contained the following spells:

 Spells                   Type           Power        Failure   Level
 Ignite Poison            Fire/Tmut/Pois #####...     1%          3
 Shock                    Conj/Air       ####         1%          1
 Conjure Flame            Conj/Fire      ######..     1%          3
 Inner Flame              Hex/Fire       ######..     1%          3
 Static Discharge         Conj/Air       #####...     1%          3
 Sticky Flame             Conj/Fire      ######..     1%          4
 Bolt of Magma            Conj/Fire/Erth ######....   1%          5
 Iskenderun's Battlesphe  Conj           ######..     1%          5
 Lightning Bolt           Conj/Air       #####.....   3%          5
 Corpse Rot               Necr/Air       N/A          7%          2
 Slow                     Hex            ##......     7%          2
 Swiftness                Air            ##......     7%          2
 Orb of Destruction       Conj           ######....   8%          7
 Airstrike                Air            ##........   12%         4
 Tukima's Dance           Hex            ##......     13%         3
 Iron Shot                Conj/Erth      #####.....   16%         6
 Spellforged Servitor     Conj/Summ      #####.....   58%         7
 Excruciating Wounds      Necr           ##........   77%         5
 Summon Demon             Summ           ##........   77%         5
 Summon Forest            Summ/Tloc      ##........   77%         5
 Summon Mana Viper        Hex/Summ       ##......     77%         5
 Shadow Creatures         Summ           N/A          100%        6
 Summon Hydra             Summ           ##........   100%        7
 Discord                  Hex            ##........   100%        8


Dungeon Overview and Level Annotations

Branches:
Dungeon (1/1)

Altars:
Ashenzari
Cheibriados
Dithmenos
Elyvilon
Fedhas
Gozag
Hepliaklqana
Kikubaaqudgha
Makhleb
Nemelex Xobeh
Okawaru
Qazlal
Ru
Sif Muna
Trog
Uskayaw
Vehumet
Wu Jian
Xom
Yredelemnul
Zin
The Shining One
Beogh
Jiyva
Lugonu


Innate Abilities, Weirdness & Mutations

You can breathe blasts of fire.
Your fiery red scales are hard. (AC +7)
You cannot fit into any form of body armour.
Your flesh is heat resistant. (rF+)
You are cold-blooded and may be slowed by cold attacks.


Message History

You don't have enough magic to cast that spell.
Magic courses through your body.
You feel sick.
The orc wizard shouts!
The orc priest shouts!
You hear a shout!
Something hits you!!
* * * LOW HITPOINT WARNING * * *
You feel much better.
You feel sick.
The orc warrior shouts! x2
The orc priest mumbles some strange prayers to Beogh against you.
Beogh smites you!
The orc wizard gestures wildly while chanting.
The orc wizard blinks!
You hear some strange, mumbled words.
A shard of ice appears from out of thin air!
The shard of ice hits you!!
* * * LOW HITPOINT WARNING * * *
Okay, then.
You feel better.
The orc priest shouts!
Something hits you!
You die...

▓.oo.oo|..▓
▓...oo[[..▓
▓....ooo..▓
▓.........▓
▓.........▓
▓.........▓
▓.▓.....▓.▓
▓....@{...▓
▓▓▓▓▓▓▓▓▓▓▓


You could see 2 orc warriors, 3 orc priests, 2 orc wizards and 2 orcs.

Vanquished Creatures
  A deep elf archer (D)
  A black mamba (D)
  A naga mage (D)
  A rime drake (D)
  A jumping spider (D)
  A polar bear (D)
  An air elemental (D)
  2 nagas (D)
  An ice beast (D)
  A phantom (D)
  2 necrophages (D)
  4 scorpions (D)
  A wight (D)
  A quasit (D)
  2 mummies (D)
  An adder (D)
  A shadow imp (D)
  5 white imps (D)
  5 ball pythons (D)
  A bat skeleton (D)
  3 jackals (D)
  A jackal zombie (D)
  A leopard gecko skeleton (D)
39 creatures vanquished.

Vanquished Creatures (others)
  A deep elf knight (D)
  A deep elf mage (D)
  9 foxfires (D)
11 creatures vanquished.

Grand Total: 50 creatures vanquished

Notes
Turn   | Place    | Note
-------+----------+-------------------------------------------
     0 | D        | sahdkjhfkaj the Draconian Fire Elementalist began the quest
                  | for the Orb.
     0 | D        | Reached XP level 1. HP: 14/14 MP: 3/3
     0 | D        | Found a shimmering blue altar of Sif Muna.
     0 | D        | Found a sacrificial altar of Ru.
     0 | D        | Found a bloodstained altar of Trog.
     0 | D        | Found a stormy altar of Qazlal.
     0 | D        | Found an iron altar of Okawaru.
     0 | D        | Found a sparkling altar of Nemelex Xobeh.
     0 | D        | Found a blossoming altar of Fedhas.
     1 | D        | Found the +6 Majin-Bo {vamp, MP+6 Int+6}
     1 | D        | Found the +9 heavy crossbow "Sniper" {vorpal, Acc+∞ SInv}
     1 | D        | Found the +10 dark maul {vorpal}
     1 | D        | Found the +15 Maxwell's patent armour {-Cast -Tele rElec
                  | MR+ rCorr}
     1 | D        | Found the +18 shield of the Gong {rElec rN+ MR+ EV-5}
     1 | D        | Found the cursed +14 obsidian axe {vorpal, +Fly SInv
                  | *Curse}
     1 | D        | Found the +7 great mace "Firestarter" {inner flame, rF++}
     1 | D        | Found the +6 shillelagh "Devastator" {shatter}
     1 | D        | Found the +11 plutonium sword {*Contam Stlth-}
     1 | D        | Found the +8 lance "Wyrmbane" {slay drac, rPois rF+ rC+
                  | AC+3}
     1 | D        | Found the +9 sword of Zonguldrok {reap}
     1 | D        | Found the cursed +13 scythe of Curses {drain, *Curse}
     1 | D        | Found the +0 sword of Power
     1 | D        | Found the +7 mace of Variability {chain chaos}
     1 | D        | Found the +7 Singing Sword {vorpal, sonic wave}
     1 | D        | Found the +8 storm bow {elec, penet}
     2 | D        | Found a transporter.
     2 | D        | Found an ancient bone altar of Kikubaaqudgha.
     2 | D        | Found a viscous altar of Jiyva.
     2 | D        | Found a corrupted altar of Lugonu.
     2 | D        | Found a hazy altar of Hepliaklqana.
     2 | D        | Found a burning altar of Makhleb.
     2 | D        | Found an opulent altar of Gozag.
    20 | D        | Banished a spatial maelstrom
    58 | D        | Reached skill level 5 in Fire Magic
    58 | D        | Reached XP level 2. HP: 20/20 MP: 5/5
    67 | D        | Became a worshipper of Vehumet
    94 | D        | Entered arena 2.
    94 | D        | Found a transporter.
   103 | D        | Reached skill level 5 in Conjurations
   103 | D        | Reached XP level 3. HP: 27/27 MP: 6/6
   106 | D        | Entered arena 3.
   106 | D        | Found a transporter.
   111 | D        | Reached * piety under Vehumet
   111 | D        | Offered knowledge of Sandblast by Vehumet.
   114 | D        | Reached skill level 1 in Fighting
   117 | D        | Entered arena 4.
   117 | D        | Found a transporter.
   118 | D        | Found the amulet of Vitality {Regen+ HP+15}
   121 | D        | Reached ** piety under Vehumet
   137 | D        | Entered arena 5.
   137 | D        | Found a transporter.
   146 | D        | Reached *** piety under Vehumet
   148 | D        | Reached skill level 6 in Fire Magic
   148 | D        | Reached XP level 4. HP: 35/37 MP: 6/8
   148 | D        | Reached **** piety under Vehumet
   158 | D        | Got the Compendium of Enthralling Black Secrets
   182 | D        | Entered arena 6.
   182 | D        | Noticed a jumping spider
   182 | D        | Found a transporter.
   183 | D        | Found the +27 Lear's hauberk
   187 | D        | Reached skill level 7 in Fire Magic
   187 | D        | Reached XP level 5. HP: 46/46 MP: 8/11
   190 | D        | Reached skill level 8 in Fire Magic
   190 | D        | Reached XP level 6. HP: 53/53 MP: 5/12
   195 | D        | Killed a jumping spider
   195 | D        | Reached ***** piety under Vehumet
   196 | D        | Reached skill level 5 in Fighting
   196 | D        | Reached skill level 5 in Spellcasting
   196 | D        | Reached skill level 9 in Fire Magic
   246 | D        | Learned a level 5 spell: Fireball
   253 | D        | Got the ring "Esagratt" {rF+ Str+6}
   260 | D        | Entered arena 7.
   260 | D        | Noticed a naga mage
   260 | D        | Noticed a naga
   260 | D        | Noticed a naga
   260 | D        | Noticed a black mamba
   262 | D        | Killed a naga
   263 | D        | Your scales start taking on a fiery red colour.
   263 | D        | Reached skill level 11 in Fire Magic
   263 | D        | Reached XP level 7. HP: 62/62 MP: 6/15
   263 | D        | Gained mutation: Your flesh is heat resistant. (rF+) [Red
                  | Draconian growth]
   265 | D        | Killed a naga mage
   265 | D        | Killed a black mamba
   266 | D        | Reached skill level 10 in Conjurations
   266 | D        | Reached skill level 12 in Fire Magic
   266 | D        | Reached XP level 8. HP: 73/73 MP: 4/17
   266 | D        | Found a transporter.
   353 | D        | Entered arena 8.
   353 | D        | Noticed a polar bear
   353 | D        | Noticed a rime drake
   354 | D        | Found a transporter.
   355 | D        | Offered knowledge of Magic Dart by Vehumet.
   356 | D        | Reached skill level 13 in Fire Magic
   356 | D        | Reached ****** piety under Vehumet
   356 | D        | Killed a rime drake
   361 | D        | Killed a polar bear
   448 | D        | Entered arena 9.
   450 | D        | Reached skill level 1 in Evocations
   450 | D        | Reached XP level 9. HP: 82/82 MP: 14/19
   528 | D        | Found a transporter.
   543 | D        | Entered arena 10.
   543 | D        | Noticed a deep elf mage
   543 | D        | Noticed a deep elf archer
   543 | D        | Noticed a +5 glaive of venom
   543 | D        | Noticed a deep elf knight
   543 | D        | Noticed a deep elf knight
   543 | D        | Noticed a deep elf mage
   543 | D        | Noticed a deep elf archer
   544 | D        | Killed a deep elf mage
   544 | D        | Killed a deep elf knight
   545 | D        | Offered knowledge of Ignite Poison by Vehumet.
   546 | D        | Reached skill level 10 in Fighting
   546 | D        | Reached skill level 5 in Dodging
   546 | D        | Killed a deep elf archer
   548 | D        | Found a transporter.
   555 | D        | Entered arena 11.
   556 | D        | Identified the cursed +1 shortbow "Cimaoph" {flame, rPois
                  | rF- MR+++ Str+4}
   557 | D        | HP: 2/100 [something/shard of ice (29)]
   558 | D        | Mangled by a deep elf knight

Illustrated notes

Levels and vault maps discovered:
D:        sprint_v [room_start, room_1, room_2, room_3, room_4, room_5, room_6,
          room_7, room_8, room_9, room_10, room_11, room_12, room_13, room_14,
          room_15, room_16, room_17, room_18, room_19, room_20, room_21,
          room_22, room_23, room_24, room_25, room_26, room_27]

Skill      XL: |  1  2  3  4  5  6  7  8  9 |
---------------+----------------------------+-----
Shields        | 4 |  4.0
Conjurations   | 4 5 6 7 8 9 10 11 | 11.8
Fire Magic     | 5 6 7 8 11 12 13 | 13.8
Fighting       | 2 4 5 7 8 10 | 10.0
Spellcasting   | 3 4 5 6 7 |  7.3
Evocations     | 1 8 |  8.2
Dodging        | 5 |  5.6
Stealth        | |  1.7

Action                   |  1- 3 |  4- 6 |  7- 9 || total
-------------------------+-------+-------+-------++-------
Melee: Double sword      |    16 |     6 |     6 ||    28
       Tailslap          |       |     2 |       ||     2
 Cast: Foxfire           |       |     5 |       ||     5
       Fireball          |       |     2 |    13 ||    15
  Use: Potion            |     5 |       |     8 ||    13
       Scroll            |       |       |     1 ||     1
 Stab: Sleeping          |     6 |       |       ||     6
Armor: Skin              |     7 |     4 |     2 ||    13
Dodge: Dodged            |     6 |     7 |    10 ||    23
Block: Buckler           |     5 |     1 |     6 ||    12
       Rpst.: Double sword |     1 |     1 |     2 ||     4

Table legend: (Time is in decaauts)
 A = Elapsed time spent in this place.
 B = Non-inter-level travel time spent in this place.
 C = Inter-level travel time spent in this place.
 D = Time resting spent in this place.
 E = Time spent auto-exploring this place.
 F = Levels seen in this place.
 G = Mean time per level.
                   A        B        C        D        E       F      G
               +--------+--------+--------+--------+--------+-----+--------+
         Total |    546 |    546 |      0 |    281 |     21 |   1 |  546.0 |
       Dungeon |    546 |    546 |      0 |    281 |     21 |   1 |  546.0 |
               +--------+--------+--------+--------+--------+-----+--------+

Top non-repeatable levels by time:
       D: 546 daAuts
